 Dungeon Crawl Stone Soup version 0.24.0-2-g5b39cebb1c (webtiles) character file.

Game seed: 3511702889286202006, levelgen mode: deterministic

16 mopl the Firebug (level 2, -3/17 HPs)
             Began as an Octopode Fire Elementalist on Oct 29, 2019.
             Slain by a quokka (5 damage)
             ... on level 2 of the Dungeon.
             The game lasted 00:00:46 (938 turns).

mopl the Firebug (Octopode Fire Elementalist)        Turns: 938, Time: 00:00:46

Health: -3/17      AC:  1    Str:  7    XL:     2   Next: 58%
Magic:  0/5        EV: 13    Int: 17    God:
Gold:   123        SH:  0    Dex: 12    Spells: 4/5 levels left

rFire    . . .     SeeInvis .   (no weapon)
rCold    . . .     Gourm    .   (no shield)
rNeg     . . .     Faith    .   (helmet restricted)
rPois    .         Spirit   .   (no amulet)
rElec    .         Reflect  .   (no ring)
rCorr    .         Harm     .   (no ring)
MR       .....                  (no ring)
Stlth    +++.......             (no ring)
HPRegen  0.05/turn              (no ring)
MPRegen  0.09/turn              (no ring)
                                (no ring)
                                (no ring)

@: no status effects
A: almost no armour, stealthy swim, amphibious, 8 rings, constrict 8, camouflage
1, gelatinous body 1
a: no special abilities


You were on level 2 of the Dungeon.
You were not hungry.

You visited 1 branch of the dungeon, and saw 2 of its levels.

You collected 123 gold pieces.

Inventory:

Scrolls
 d - a scroll of immolation {unknown}
 f - a scroll of fog {unknown}
Potions
 a - a potion of haste {unknown}
 c - a potion of flight {unknown}
 e - a potion of resistance {unknown}
 g - a potion of cancellation {unknown}
Comestibles
 b - 2 rations


   Skills:
 - Level 2.0 Dodging
 - Level 2.6 Stealth
 + Level 2.3 Spellcasting
 + Level 1.6 Conjurations
 + Level 3.2 Fire Magic


You had 4 spell levels left.
You knew the following spells:

 Your Spells              Type           Power        Failure   Level  Hunger
a - Flame Tongue          Conj/Fire      ##...        7%          1    #......

Your spell library contained the following spells:

 Spells                   Type           Power        Failure   Level  Hunger
 Throw Flame              Conj/Fire      ##....       11%         2    ##.....
 Conjure Flame            Conj/Fire      ##......     21%         3    ###....
 Inner Flame              Hex/Fire       #.......     28%         3    ###....
 Sticky Flame             Conj/Fire      ##......     56%         4    #####..
 Fireball                 Conj/Fire      ##........   88%         5    ######.


Dungeon Overview and Level Annotations

Branches:
Dungeon (2/15)

Altars:
Qazlal
Trog
Wu Jian


Innate Abilities, Weirdness & Mutations

You cannot wear most types of armour.
You are very stealthy in the water. (Stealth+)
You are amphibious.
You can wear up to eight rings at the same time.
You can use your tentacles to constrict eight enemies at once.
Your skin changes colour to match your surroundings (Stealth+).
Your rubbery body absorbs attacks. (AC +1, EV +1)


Message History

Aim: a quokka The flame tongue hits the quokka.
The quokka is heavily wounded.
The quokka bites you. x2
* * * LOW HITPOINT WARNING * * *
Unknown command.
Casting: Flame Tongue (safe; 7% risk of failure)
Confirm with . or Enter, or press ? or * to list all spells.
Aiming: Flame Tongue (safe; 7% risk of failure)
Press: ? - help, Shift-Dir - straight line, f/p - quokka
Aim: a quokka (heavily wounded)
The flame tongue misses the quokka.
The quokka misses you.
Casting: Flame Tongue (safe; 7% risk of failure)
Confirm with . or Enter, or press ? or * to list all spells.
You don't have enough magic to cast that spell.
Unknown command.
You closely miss the quokka. Your grab misses the quokka.
The quokka is heavily wounded.
The quokka bites you.
You die...

#### ..( .. #.#
####.#####.########
..##......... ...# #
......##...######?##.##...
. #..##.......%@r......# #
#).##......###.#####.# .#
#........>..##.###
.###...#.............
.......#.......##.###
####..............#
#.###.#...###### #.#
#.#..## #.# #.#..#


You could see a quokka.

Vanquished Creatures
  An ooze (D:2)
  2 bats
  A giant cockroach (D:1)
  2 goblins (D:2)
  A jackal (D:1)
  3 kobolds
  A rat (D:2)
11 creatures vanquished.

Notes
Turn   | Place    | Note
-------+----------+-------------------------------------------
     0 | D:1      | mopl the Octopode Fire Elementalist began the quest for the
                  | Orb.
     0 | D:1      | Reached XP level 1. HP: 11/11 MP: 3/3
   789 | D:2      | Reached XP level 2. HP: 13/17 MP: 5/5
   828 | D:2      | Found an ornate altar of the Wu Jian Council.
   828 | D:2      | Found a bloodstained altar of Trog.
   829 | D:2      | Found a stormy altar of Qazlal.
   938 | D:2      | Slain by a quokka

Levels and vault maps discovered:
D:1:      wander_arrival_lonely_grave, layout_basic
D:2:      layout_loops_ring, tso_altar, gammafunk_temple_overflow_forgotten,
          minmay_tromino_v4_a

Action                   || total
-------------------------++-------
Melee: Unarmed           ||    32
       Constrict         ||     6
       Tentacles         ||     5
 Cast: Flame Tongue      ||     8
 Stab: Sleeping          ||     1
Armor: Skin              ||     5
Dodge: Dodged            ||    23
